PCL
GRESHAM GOLD SOULS @ SANTA MONICA BRUINS
06/26/2026
 
TOP OF THE 1ST
Gresham Gold Souls batting - Pitching for Santa Monica Bruins : RHP Dave Jackson
Pitching: RHP Dave Jackson
Batting: RHB Jesús Gutiérrez 0-0: DOUBLE (Flyball, 8RXD)
Batting: RHB Peter Hensley 0-0: Ball
1-0: Ball
2-0: SINGLE (Line Drive, 34D)
Jesús Gutiérrez to third
Batting: RHB Paco Arellano 0-0: Called Strike
0-1: Foul Ball, location: 2F
0-2: Ball
1-2: Strikes out swinging
Batting: RHB Lorenzo Morín 0-0: Swinging Strike
0-1: Ball
1-1: Ball
2-1: Fly out, F9 (Flyball, 9M)
Runner from 3rd tags up, SCORES, throw made
Batting: SHB Alexandre Chabot 0-0: Ball
1-0: Swinging Strike
1-1: Ground out 3-1 (Groundball, 34)
Top of the 1st over - 1 run(s), 2 hit(s), 0 error(s), 1 left on base; Gresham 1 - Santa Monica 0
BOTTOM OF THE 1ST
Santa Monica Bruins batting - Pitching for Gresham Gold Souls : LHP Kip Manning
Pitching: LHP Kip Manning
Batting: RHB Bonifacio Torres 0-0: Foul Ball, location: 2F
0-1: Ball
1-1: Fly out, F7 (Flyball, 7M)
Batting: RHB Luis Martínez 0-0: Ball
1-0: Ball
2-0: Ball
3-0: Called Strike
3-1: Base on Balls
Batting: RHB Brandon Callahan 0-0: Called Strike
0-1: Swinging Strike
0-2: Strikes out looking
Batting: RHB Armando Colón 0-0: Swinging Strike
0-1: Swinging Strike
0-2: SINGLE (Groundball, 4MD)
Luis Martínez to second
Batting: RHB Justin Burgess 0-0: Called Strike
0-1: Foul Ball, location: 2F
0-2: Foul Ball, location: 2F
0-2: Strikes out swinging
Bottom of the 1st over - 0 run(s), 1 hit(s), 0 error(s), 2 left on base; Gresham 1 - Santa Monica 0
TOP OF THE 2ND
Gresham Gold Souls batting - Pitching for Santa Monica Bruins : RHP Dave Jackson
Batting: RHB Claudio Guerra 0-0: SOLO HOME RUN (Flyball, 7LD), Distance : 349 ft
Batting: LHB Bill Smith 0-0: Called Strike
0-1: Ball
1-1: Ball
2-1: Foul Ball, location: 2F
2-2: Foul Ball, location: 2F
2-2: Foul Ball, location: 2F
2-2: Ground out 4-3 (Groundball, 4)
Batting: RHB Pablo Castillo 0-0: Ball
1-0: Ball
2-0: Foul Ball, location: 2F
2-1: Ground out 5-3 (Groundball, 56S)
Batting: RHB Jim Edgar 0-0: SOLO HOME RUN (Flyball, 78XD), Distance : 398 ft
Batting: RHB Jesús Gutiérrez 0-0: Foul Ball, location: 2F
0-1: Ball
1-1: Ball
2-1: Swinging Strike
2-2: Foul Ball, location: 2F
2-2: Ball
3-2: Strikes out swinging
Top of the 2nd over - 2 run(s), 2 hit(s), 0 error(s), 0 left on base; Gresham 3 - Santa Monica 0
BOTTOM OF THE 2ND
Santa Monica Bruins batting - Pitching for Gresham Gold Souls : LHP Kip Manning
Batting: RHB Mark Hosley 0-0: Ball
1-0: Ball
2-0: Foul Ball, location: 2F
2-1: Ground out 5-3 (Groundball, 56)
Batting: RHB Pablo Peña 0-0: Called Strike
0-1: Called Strike
0-2: Strikes out swinging
Batting: RHB Francisco Castillo 0-0: Ball
1-0: Ball
2-0: Ground out 4-3 (Groundball, 4)
Bottom of the 2nd over - 0 run(s), 0 hit(s), 0 error(s), 0 left on base; Gresham 3 - Santa Monica 0
TOP OF THE 3RD
Gresham Gold Souls batting - Pitching for Santa Monica Bruins : RHP Dave Jackson
Batting: RHB Peter Hensley 0-0: Called Strike
0-1: Foul Ball, location: 2F
0-2: Foul Ball, location: 2F
0-2: Ball
1-2: Foul Ball, location: 2F
1-2: Ball
2-2: Strikes out swinging
Batting: RHB Paco Arellano 0-0: Called Strike
0-1: Ground out 4-3 (Groundball, 4M)
Batting: RHB Lorenzo Morín 0-0: Ground out 5-3 (Groundball, 56)
Top of the 3rd over - 0 run(s), 0 hit(s), 0 error(s), 0 left on base; Gresham 3 - Santa Monica 0
BOTTOM OF THE 3RD
Santa Monica Bruins batting - Pitching for Gresham Gold Souls : LHP Kip Manning
Batting: LHB Jeffrey Satterley 0-0: Ball
1-0: SINGLE (Groundball, 56D)
Batting: RHB Bonifacio Torres 0-0: Ball
1-0: Foul Ball, location: 2F
1-1: DOUBLE (Line Drive, 9LM)
Jeffrey Satterley to third
Batting: RHB Luis Martínez 0-0: Foul Ball, location: 2F
0-1: Ball
1-1: Foul Ball, location: 2F
1-2: Foul Ball, location: 2F
1-2: Foul Ball, location: 2F
1-2: Ball
2-2: Strikes out swinging
Batting: RHB Brandon Callahan 0-0: Ball
1-0: Foul Ball, location: 2F
1-1: Foul Ball, location: 2F
1-2: Strikes out swinging
Batting: RHB Armando Colón 0-0: Ball
1-0: Ball
2-0: Ball
3-0: Called Strike
3-1: Base on Balls
Batting: RHB Justin Burgess 0-0: Called Strike
0-1: SINGLE (Flyball, 89S)
Jeffrey Satterley scores
Bonifacio Torres to third
Armando Colón to second
Batting: RHB Mark Hosley 0-0: Ball
1-0: Ball
2-0: Ball
3-0: Base on Balls
Bonifacio Torres scores
Armando Colón to third
Justin Burgess to second
Batting: RHB Pablo Peña 0-0: Ball
1-0: Ball
2-0: Ball
3-0: Base on Balls
Armando Colón scores
Justin Burgess to third
Mark Hosley to second
Batting: RHB Francisco Castillo 0-0: Swinging Strike
0-1: Fielders Choice at 2nd, 6-4 (Groundball, 6)
Bottom of the 3rd over - 3 run(s), 3 hit(s), 0 error(s), 2 left on base; Gresham 3 - Santa Monica 3
TOP OF THE 4TH
Gresham Gold Souls batting - Pitching for Santa Monica Bruins : RHP Dave Jackson
Batting: SHB Alexandre Chabot 0-0: Ball
1-0: Called Strike
1-1: Called Strike
1-2: Foul Ball, location: 2F
1-2: Foul Ball, location: 2F
1-2: Ball
2-2: Ball
3-2: Base on Balls
Batting: RHB Claudio Guerra 0-0: DOUBLE (Flyball, 7D)
Alexandre Chabot to third
Batting: LHB Bill Smith 0-0: Intentional Walk
Batting: RHB Pablo Castillo 0-0: Grounds into double play, 1-2-3 (Groundball, 15)
Claudio Guerra to third
Bill Smith to second
Batting: RHB Jim Edgar 0-0: Called Strike
0-1: Ball
1-1: Ground out 6-3 (Groundball, 6M)
Top of the 4th over - 0 run(s), 1 hit(s), 0 error(s), 2 left on base; Gresham 3 - Santa Monica 3
BOTTOM OF THE 4TH
Santa Monica Bruins batting - Pitching for Gresham Gold Souls : LHP Kip Manning
Batting: LHB Jeffrey Satterley 0-0: Called Strike
0-1: Ball
1-1: Ground out 1-3 (Groundball, 23)
Batting: RHB Bonifacio Torres 0-0: Ball
1-0: Called Strike
1-1: Called Strike
1-2: Ball
2-2: Ball
3-2: Base on Balls
Batting: RHB Luis Martínez 0-0: Called Strike
0-1: Swinging Strike
0-2: Foul Ball, location: 2F
0-2: Strikes out looking
Batting: RHB Brandon Callahan 0-0: Called Strike
0-1: Foul Ball, location: 2F
0-2: Ball
1-2: Ball
2-2: Ball
3-2: 2-RUN HOME RUN (Flyball, 8LXD), Distance : 436 ft
Batting: RHB Armando Colón 0-0: SINGLE (Line Drive, 6M)
Batting: RHB Justin Burgess 0-0: Called Strike
0-1: Swinging Strike
0-2: Ball
1-2: Strikes out swinging
Bottom of the 4th over - 2 run(s), 2 hit(s), 0 error(s), 1 left on base; Gresham 3 - Santa Monica 5
TOP OF THE 5TH
Gresham Gold Souls batting - Pitching for Santa Monica Bruins : RHP Dave Jackson
Batting: RHB Jesús Gutiérrez 0-0: Foul Ball, location: 2F
0-1: SINGLE (Line Drive, 78M)
Batting: RHB Peter Hensley 0-0: Ball
1-0: Foul Ball, location: 2F
1-1: Ball
2-1: Fly out, F4 (Popup, 4)
Batting: RHB Paco Arellano 0-0: Grounds out, U3 (Groundball, 3L)
Batting: RHB Lorenzo Morín 0-0: SINGLE (Groundball, 56D)
Jesús Gutiérrez to third
Runner from 3rd tries for Home, SAFE, no throw or cutoff
Batting: SHB Alexandre Chabot 0-0: Ball
1-0: Fly out, F7 (Flyball, 7D)
Top of the 5th over - 1 run(s), 2 hit(s), 0 error(s), 1 left on base; Gresham 4 - Santa Monica 5
BOTTOM OF THE 5TH
Santa Monica Bruins batting - Pitching for Gresham Gold Souls : LHP Kip Manning
Pitching: RHP José González
Batting: RHB Mark Hosley 0-0: Foul Ball, location: 2F
0-1: Ball
1-1: Foul Ball, location: 2F
1-2: Foul Ball, location: 2F
1-2: SINGLE (Line Drive, 7LS)
Batting: RHB Pablo Peña 0-0: Ball
1-0: Ball
2-0: Ball
3-0: Called Strike
3-1: Base on Balls
Mark Hosley to second
Batting: RHB Francisco Castillo 0-0: Fielders Choice at 2nd, 3-6 (Groundball, 3)
Mark Hosley to third
Batting: LHB Jeffrey Satterley 0-0: Called Strike
0-1: Ball
Francisco Castillo is caught stealing 2nd base
1-1: Called Strike
1-2: Ball
2-2: Strikes out swinging
Bottom of the 5th over - 0 run(s), 1 hit(s), 0 error(s), 1 left on base; Gresham 4 - Santa Monica 5
TOP OF THE 6TH
Gresham Gold Souls batting - Pitching for Santa Monica Bruins : RHP Dave Jackson
Batting: RHB Claudio Guerra 0-0: Ball
1-0: Ball
2-0: Swinging Strike
2-1: Swinging Strike
2-2: Ball
3-2: Strikes out looking
Batting: LHB Bill Smith 0-0: Foul Ball, location: 2F
0-1: Ball
1-1: Called Strike
1-2: Fly out, F8 (Flyball, 8LD)
Batting: RHB Pablo Castillo 0-0: Called Strike
0-1: Swinging Strike
0-2: Ball
1-2: DOUBLE (Line Drive, 7LD)
Pitching: RHP Mark Ross
Batting: RHB Jim Edgar 0-0: Ball
1-0: Swinging Strike
1-1: Ball
2-1: Ball
3-1: Called Strike
3-2: Strikes out swinging
Top of the 6th over - 0 run(s), 1 hit(s), 0 error(s), 1 left on base; Gresham 4 - Santa Monica 5
BOTTOM OF THE 6TH
Santa Monica Bruins batting - Pitching for Gresham Gold Souls : RHP José González
Batting: RHB Bonifacio Torres 0-0: Swinging Strike
0-1: Foul Ball, location: 2F
0-2: Ball
1-2: Strikes out swinging
Batting: RHB Luis Martínez 0-0: SOLO HOME RUN (Flyball, 78XD), Distance : 399 ft
Batting: RHB Brandon Callahan 0-0: SOLO HOME RUN (Line Drive, 7D), Distance : 365 ft
Batting: RHB Armando Colón 0-0: Ball
1-0: Called Strike
1-1: Ball
2-1: Foul Ball, location: 2F
2-2: Strikes out swinging
Batting: RHB Justin Burgess 0-0: Ball
1-0: Ball
2-0: Ground out 6-3 (Groundball, 6M)
Bottom of the 6th over - 2 run(s), 2 hit(s), 0 error(s), 0 left on base; Gresham 4 - Santa Monica 7
TOP OF THE 7TH
Gresham Gold Souls batting - Pitching for Santa Monica Bruins : RHP Mark Ross
Now at 3B: José García
Batting: RHB Jesús Gutiérrez 0-0: Called Strike
0-1: Ball
1-1: Ball
2-1: Ball
3-1: SINGLE (Line Drive, 6M)
Batting: RHB Peter Hensley 0-0: SINGLE (Line Drive, 3)
Jesús Gutiérrez to second
Batting: RHB Paco Arellano 0-0: Ball
1-0: Foul Ball, location: 2F
1-1: Swinging Strike
1-2: Strikes out looking
Batting: RHB Lorenzo Morín 0-0: Ball
1-0: Foul Ball, location: 2F
1-1: Foul Ball, location: 2F
1-2: Ball
2-2: Fly out, F8 (Flyball, 8RXD)
Runner from 2nd tags up, SAFE at 3rd, no throw
Pitching: LHP Leonardo Rodríguez
Batting: SHB Alexandre Chabot 0-0: Swinging Strike
0-1: Ball
1-1: Ground out 5-3 (Groundball, 5L)
Top of the 7th over - 0 run(s), 2 hit(s), 0 error(s), 2 left on base; Gresham 4 - Santa Monica 7
BOTTOM OF THE 7TH
Santa Monica Bruins batting - Pitching for Gresham Gold Souls : RHP José González
Pitching: RHP Jamal Clayton
Batting: RHB Mark Hosley 0-0: Foul Ball, location: 2F
0-1: Called Strike
0-2: Ball
1-2: Foul Ball, location: 2F
1-2: Ball
2-2: Ball
3-2: Base on Balls
Batting: RHB Pablo Peña 0-0: Bunted foul
0-1: Ball
1-1: Bunt missed!
1-2: Ball
2-2: Foul Ball, location: 2F
2-2: Strikes out swinging
Batting: RHB Francisco Castillo 0-0: Foul Ball, location: 2F
0-1: Foul Ball, location: 2F
0-2: Ball
1-2: Ball
2-2: SINGLE (Groundball, 4MD)
Mark Hosley to second
Runner from 2nd tries for 3rd, OUT!
Francisco Castillo to second
Batting: LHB Jeffrey Satterley 0-0: Called Strike
0-1: Ball
1-1: Foul Ball, location: 2F
1-2: Ball
2-2: Foul Ball, location: 2F
2-2: Foul Ball, location: 2F
2-2: Ball
3-2: DOUBLE (Popup, 5D)
Francisco Castillo scores
Batting: RHB Bonifacio Torres 0-0: Ground out 5-3 (Groundball, 5L)
Bottom of the 7th over - 1 run(s), 2 hit(s), 0 error(s), 1 left on base; Gresham 4 - Santa Monica 8
TOP OF THE 8TH
Gresham Gold Souls batting - Pitching for Santa Monica Bruins : LHP Leonardo Rodríguez
Batting: RHB Claudio Guerra 0-0: Ball
1-0: Fly out, F4 (Line Drive, 4MD)
Batting: LHB Bill Smith 0-0: Called Strike
0-1: Ball
1-1: Ball
2-1: Swinging Strike
2-2: Strikes out swinging
Batting: RHB Pablo Castillo 0-0: Ball
1-0: Foul Ball, location: 2F
1-1: Fly out, F7 (Flyball, 7M)
Top of the 8th over - 0 run(s), 0 hit(s), 0 error(s), 0 left on base; Gresham 4 - Santa Monica 8
BOTTOM OF THE 8TH
Santa Monica Bruins batting - Pitching for Gresham Gold Souls : RHP Jamal Clayton
Batting: RHB Luis Martínez 0-0: Ground out 3-1 (Groundball, 34)
Batting: RHB José García 0-0: SINGLE (Line Drive, 34D)
Batting: RHB Armando Colón 0-0: Called Strike
0-1: Ball
José García steals 2nd base
1-1: Ball
Wild Pitch!
José García to third
2-1: Foul Ball, location: 2F
2-2: Foul Ball, location: 2F
2-2: Strikes out swinging
Batting: RHB Justin Burgess 0-0: Ball
1-0: Ball
2-0: Fly out, F8 (Line Drive, 8RM)
Bottom of the 8th over - 0 run(s), 1 hit(s), 0 error(s), 1 left on base; Gresham 4 - Santa Monica 8
TOP OF THE 9TH
Gresham Gold Souls batting - Pitching for Santa Monica Bruins : LHP Leonardo Rodríguez
Pitching: LHP Xavier Velázquez
Batting: RHB Jim Edgar 0-0: Ball
1-0: Ball
2-0: Called Strike
2-1: Ball
3-1: Base on Balls
Batting: RHB Jesús Gutiérrez 0-0: Foul Ball, location: 2F
0-1: Called Strike
0-2: Foul Ball, location: 2F
0-2: Strikes out looking
Batting: RHB Peter Hensley 0-0: Called Strike
0-1: Ball
1-1: Ball
2-1: Called Strike
2-2: Ball
Wild Pitch!
Jim Edgar to second
3-2: Ground out 1-3 (Groundball, 15)
Batting: RHB Paco Arellano 0-0: Ball
1-0: Called Strike
1-1: Called Strike
1-2: Foul Ball, location: 2F
1-2: Ball
2-2: Strikes out swinging
Top of the 9th over - 0 run(s), 0 hit(s), 0 error(s), 1 left on base; Gresham 4 - Santa Monica 8
Monday, December 5th, 2016 - OOTP Baseball 17.12 Build 75